 Dungeon Crawl Stone Soup version 0.28-a0-69-g49dcd67cf8 (webtiles) character file.

Game seed: 2364922867874849763

452 YgY the Sneak (level 6, -1/25 (30) HPs)
             Began as a Spriggan Brigand on July 31, 2021.
             Slain by a wight (5 damage)
             ... on level 6 of the Dungeon.
             The game lasted 00:29:55 (9847 turns).

YgY the Sneak (Spriggan Brigand)                    Turns: 9847, Time: 00:29:56

HP:   -1/25 (30)    AC:  4    Str:  5 (7)  XL:     6   Next: 75%
MP:   7/7           EV: 21    Int: 10 (13) God:
Gold: 2             SH:  0    Dex: 15 (18) Spells: 2/5 levels left

rFire   . . .      SeeInvis +   j - +0 hunting sling
rCold   . . .      Faith    .   (shield restricted)
rNeg    . . .      Spirit   .   b - +0 robe
rPois   .          Reflect  .   (helmet restricted)
rElec   .          Harm     .   c - +1 cloak
rCorr   +          Rampage  .   (gloves unavailable)
Will    +....                   (boots unavailable)
Stlth   ++++......              (no amulet)
HPRegen 0.08/turn               q - +4 ring of evasion
MPRegen 0.10/turn               f - ring of resist corrosion

@: heavily drained, very quick
A: very small, no large weapons, unfitting armour, see invisible, speed 3
a: no special abilities


You were on level 6 of the Dungeon.
You visited 1 branch of the dungeon, and saw 6 of its levels.

You collected 92 gold pieces.
You spent 90 gold pieces at shops.

Inventory:

Hand Weapons
 a - a +2 dagger
 j - a +0 hunting sling (weapon)
 n - a +2 whip of flaming
 v - a +0 morningstar
Missiles
 d - 57 arrows
 e - 18 poisoned darts
 h - a curare-tipped dart
 k - 11 sling bullets
 l - 45 stones (quivered ammo)
 r - 2 boomerangs
 y - 2 throwing nets
Armour
 b - a +0 robe (worn)
 c - a +1 cloak (worn)
 w - a +1 helmet
Jewellery
 f - a ring of resist corrosion (right hand)
 q - a +4 ring of evasion (left hand)
Wands
 m - a wand of iceblast (6)
 p - a wand of paralysis (8)
 C - a wand of flame (10)
Scrolls
 o - a scroll of teleportation
 t - 4 scrolls of noise
 z - a scroll of silence {unknown}
 B - 2 scrolls of identify


   Skills:
 + Level 2.3 Fighting
 + Level 2.5 Short Blades
 * Level 6.1(6.7) Slings
 + Level 3.1(4.5) Throwing
 + Level 2.2 Dodging
 * Level 7.2 Stealth
 + Level 0.1 Spellcasting


You had 2 spell levels left.
You knew the following spells:

 Your Spells              Type           Power      Damage    Failure   Level
a - Summon Small Mammal   Summ           0%         N/A       36%         1
b - Passwall              Tmut/Erth      0%         N/A       50%         2

Your spell library contained the following spells:

 Spells                   Type           Power      Damage    Failure   Level
 Sandblast                Erth           0%         2d4       36%         1
 Call Canine Familiar     Summ           0%         N/A       75%         3
 Portal Projectile        Hex/Tloc       0%         N/A       75%         3
 Summon Guardian Golem    Hex/Summ       0%         N/A       75%         3
 Leda's Liquefaction      Hex/Erth       0%         N/A       98%         4
 Lee's Rapid Deconstruct  Erth           0%         3d5*      100%        5


Dungeon Overview and Level Annotations

Branches:
Dungeon (6/15)
 Temple: D:4-7

Altars:
Elyvilon
Fedhas
Kikubaaqudgha
Makhleb
Qazlal
Ru
Uskayaw
Yredelemnul

Shops:
D:5 *


Innate Abilities, Weirdness & Mutations

You are very small and have problems with some larger weapons.
You are too small for most types of armour.
You have supernaturally acute eyesight. (SInv)
You cover ground extremely quickly. (Speed+++)


Message History

You shoot a stone. The stone hits the wight.
The wight is lightly damaged.
You shoot a stone. The stone barely misses the wight.
You shoot a stone. The stone hits the wight.
The wight is moderately damaged.
You shoot a stone. The stone hits the wight.
The wight is heavily damaged.
A wight comes into view. It is wielding a +0 long sword.
You shoot a stone.
The stone hits the wight but does no damage.
The wight is heavily damaged.
The wight throws a stone.
The stone hits you.
You shoot a stone.
The stone hits the wight but does no damage.
The wight is heavily damaged.
You shoot a stone. The stone closely misses the wight.
You shoot a stone. The stone closely misses the wight.
The stone hits the wight but does no damage.
The wight barely misses you.
You shoot a stone. The stone barely misses the wight.
The stone hits the wight.
The wight is lightly damaged.
The wight misses you.
You shoot a stone. The stone barely misses the wight. x2
The wight barely misses you.
You shoot a stone. The stone closely misses the wight. x2
You shoot a stone. The stone hits the wight.
The wight is severely damaged.
The wight closely misses you. x2
You shoot a stone.
The stone hits the wight but does no damage.
The wight is severely damaged.
The wight hits you with a +5 morningstar!
You feel drained. The wight barely misses you.
You shoot a stone. The stone completely misses the wight.
The wight completely misses you.
You shoot a stone. The stone barely misses the wight.
The wight misses you.
The wight hits you with a +5 morningstar!
* * * LOW HITPOINT WARNING * * *
You feel drained.
You die...

.. ...# #. #.
#..# #( #.##..#
#####
#(.#.(#..#......
#.(##(#..#......
#..(............
#......<.......
##.zz..........
#..@..........
#.............
#.......######
#.......#
#.......#
#.##.##... #. .#
.#.. #. .. ...


You could see 2 wights.

Vanquished Creatures
  An ice beast (D:5)
  An ogre (D:5)
  A bullfrog (D:4)
  A centaur zombie (D:5)
  A hound (D:5)
  An orc wizard (D:4)
  4 adders
  2 worms
  2 dart slugs (D:1)
  9 orcs
  3 ball pythons
  6 endoplasms
  2 giant cockroaches (D:3)
  7 goblins
  6 hobgoblins
  3 jackals (D:1)
  2 quokkas (D:1)
  6 bats
  2 frilled lizards (D:1)
  11 kobolds
  5 rats
  2 toadstools (D:1)
78 creatures vanquished.

Vanquished Creatures (others)
  2 toadstools (D:1)
2 creatures vanquished.

Grand Total: 80 creatures vanquished

Notes
Turn   | Place    | Note
-------+----------+-------------------------------------------
     0 | D:1      | YgY the Spriggan Brigand began the quest for the Orb.
     0 | D:1      | Reached XP level 1. HP: 10/10 MP: 2/2
    48 | D:1      | Reached skill level 6 in Stealth
   210 | D:1      | Reached XP level 2. HP: 15/15 MP: 3/3
   852 | D:1      | Reached skill level 1 in Slings
   893 | D:1      | Found a faded altar of an unknown god.
  1046 | D:1      | Reached XP level 3. HP: 18/18 MP: 4/4
  1792 | D:2      | Learned a level 1 spell: Summon Small Mammal
  3097 | D:3      | Reached XP level 4. HP: 23/23 MP: 5/5
  3579 | D:3      | Found a white marble altar of Elyvilon.
  3580 | D:3      | Found a basalt altar of Yredelemnul.
  3583 | D:3      | Found a sacrificial altar of Ru.
  3584 | D:3      | Found a stormy altar of Qazlal.
  3759 | D:3      | Found a burning altar of Makhleb.
  3811 | D:4      | Noticed a bullfrog
  3827 | D:4      | Killed a bullfrog
  3828 | D:4      | Reached XP level 5. HP: 16/26 MP: 6/6
  3998 | D:4      | Found an ancient bone altar of Kikubaaqudgha.
  4038 | D:4      | Found a hide-covered altar of Uskayaw.
  4045 | D:4      | Found a blossoming altar of Fedhas.
  4174 | D:5      | Entered Level 5 of the Dungeon
  4177 | D:5      | Noticed an ogre
  4409 | D:5      | Learned a level 2 spell: Passwall
  4542 | D:5      | Reached skill level 5 in Slings
  5284 | D:5      | Killed an ogre
  5285 | D:5      | Reached XP level 6. HP: 30/30 MP: 7/7
  5892 | D:5      | Reached skill level 7 in Stealth
  5898 | D:5      | Noticed an ice beast
  5946 | D:5      | Killed an ice beast
  6039 | D:5      | Found Yreoczer's Elemental Accessories.
  6046 | D:5      | Bought a wand of flame (10) for 90 gold pieces
  9847 | D:6      | Slain by a wight

Illustrated notes

Levels and vault maps discovered:
D:1:      ldierk_water_garden, layout_loops_cross, ebering_ecumenical_altar_webs
D:2:      layout_basic, mrwooster_statue_mirror, corexii_corridor_pit,
          chequers_serial_rivers_micro_b
D:3:      layout_basic, lemuel_round_altar, mainiacjoe_overflow_alcove_3,
          minmay_surrounded
D:4:      layout_gridville, chequers_temple_overflow_statue_of_worship,
          nicolae_kikubaaqudgha_miasma_corner,
          minmay_temple_entry_enclosed_plants
D:5:      layout_basic, nicolae_elemental_shop
D:6:      layout_loops_cross, nicolae_water_bricks, nicolae_take_the_stairs,
          kennysheep_another_room, uniq_sigmund

Skill      XL: |  1  2  3  4  5  6 |
---------------+-------------------+-----
Stealth        | 6 7 |  7.2
Slings         | 1 2 4 5 6 |  6.1
Fighting       | 2 |  2.3
Dodging        | 2 |  2.2
Throwing       | 3 |  3.1
Short Blades   | |  2.5
Spellcasting   | |  0.1

Action                   |  1- 3 |  4- 6 || total
-------------------------+-------+-------++-------
Melee: Dagger            |    35 |     9 ||    44
       Whip              |     4 |       ||     4
 Fire: Hunting sling     |    60 |   157 ||   217
Throw: Dart              |    66 |       ||    66
       Stone             |     7 |       ||     7
       Boomerang         |       |    41 ||    41
 Cast: Summon Small Mamm |     4 |       ||     4
  Use: Scroll            |     4 |     4 ||     8
       Potion            |     1 |     7 ||     8
 Stab: Sleeping          |     1 |       ||     1
Armor: Robe              |    12 |     5 ||    17
Dodge: Dodged            |    45 |    62 ||   107

Table legend: (Time is in decaauts)
 A = Elapsed time spent in this place.
 B = Non-inter-level travel time spent in this place.
 C = Inter-level travel time spent in this place.
 D = Time resting spent in this place.
 E = Time spent auto-exploring this place.
 F = Levels seen in this place.
 G = Mean time per level.
                   A        B        C        D        E       F      G
               +--------+--------+--------+--------+--------+-----+--------+
         Total |   8206 |   8053 |    153 |   4510 |   2498 |   6 | 1367.7 |
       Dungeon |   8206 |   8053 |    153 |   4510 |   2498 |   6 | 1367.7 |
               +--------+--------+--------+--------+--------+-----+--------+

Top non-repeatable levels by time:
     D:6: 3459 daAuts
     D:5: 1685 daAuts
     D:1: 1194 daAuts
     D:3: 988 daAuts
     D:2: 557 daAuts
     D:4: 321 daAuts
